 Dungeon Crawl Stone Soup version 0.28.0-49-g6dfe1f597d (console) character file.

Game seed: 6019641970059394550

114 Faeu the Skirmisher (level 4, -1/41 HPs)
             Began as a Minotaur Berserker on May 16, 2022.
             Was a Believer of Trog.
             Killed by nerve-wracking pain
             ... invoked by an orc priest
              (14 damage)
             ... on level 3 of the Dungeon.
             The game lasted 00:01:24 (2497 turns).

Faeu the Skirmisher (Minotaur Berserker)            Turns: 2497, Time: 00:01:25

Health: -1/41      AC:  2    Str: 24    XL:     4   Next: 67%
Magic:  3/3        EV: 12    Int:  4    God:    Trog [**....]
Gold:   95         SH:  0    Dex:  9    Spells: 3/3 levels left

rFire   . . .      SeeInvis .   a - +0 hand axe {axe}
rCold   . . .      Faith    .   (no shield)
rNeg    . . .      Spirit   .   b - +0 animal skin
rPois   .          Reflect  .   (helmet restricted)
rElec   .          Harm     .   (no cloak)
rCorr   .          Rampage  .   (no gloves)
Will    .....                   (no boots)
Stlth   +.........              (no amulet)
HPRegen 0.13/turn               (no ring)
MPRegen 0.08/turn               (no ring)

@: no status effects
A: horns 2, retaliatory headbutt
a: Renounce Religion, Berserk, Trog's Hand


You were on level 3 of the Dungeon.
You worshipped Trog.
Trog was pleased with you.
You visited 1 branch of the dungeon, and saw 3 of its levels.

You collected 95 gold pieces.


Innate Abilities, Weirdness & Mutations

You have a pair of horns on your head.
You reflexively headbutt those who attack you in melee.


   Skills:
 + Level 4.5 Fighting
 + Level 4.5 Axes
 + Level 3.6 Armour
 + Level 3.2 Dodging


You had 3 spell levels left.
You didn't know any spells.
Your spell library contained the following spells:

 Spells                   Type           Power      Damage    Failure   Level
 Foxfire                  Conj/Fire      0%         2x1d4     50%         1
 Corpse Rot               Necr/Air       0%         N/A       65%         2
 Conjure Flame            Conj/Fire      0%         6-21      86%         3
 Inner Flame              Hex/Fire       0%         N/A       86%         3
 Dispel Undead            Necr           0%         3d6       99%         4
 Flame Wave               Conj/Fire      0%         2d4       99%         4
 Hailstorm                Conj/Ice       0%         3d3       99%         4
 Ice Form                 Ice/Tmut       0%         N/A       99%         4
 Death Channel            Necr           0%         N/A       100%        6
 Simulacrum               Ice/Necr       0%         N/A       100%        6

Inventory:

Hand Weapons
 a - a +0 hand axe (weapon) {axe}
 l - a +3 hand axe {axe}
   (You found it on level 3 of the Dungeon)
Armour
 b - a +0 animal skin (worn)
 c - a +1 pair of gloves
   (You found it on level 1 of the Dungeon)
Wands
 j - a wand of charming (9)
   (You found it on level 2 of the Dungeon)
Scrolls
 d - 3 scrolls of identify {unknown}
 f - a scroll of vulnerability {unknown}
 g - a scroll of blinking {unknown}
 h - 2 scrolls of enchant weapon {unknown}
Potions
 e - 3 potions of curing {unknown}
 i - a potion of might {unknown}
 k - a potion of haste {unknown}

Dungeon Overview and Level Annotations

Branches:
Dungeon (3/15)

Altars:

........###..#
.#######.#...###
#...........
#.#########. #.#
#.# #.# #.# #.#
########.#
#ooo@†...#
#o######## #.#
#.# #.# #o# #.#
#o#
...o....o.....o
............o.o
.S..o###.######


You could see an orc priest and 3 orcs.


Message History

The orc shouts!
You hear a shout!
An orc comes into view. It is wielding a +0 hand axe.
The orc shouts!
There are monsters nearby!
An orc comes into view. It is wielding a +0 short sword.
The orc hits you with a +0 club. 😕 HP[-4]
You take 4 damage, and now have 37/41 hp.
You closely miss the orc. Your punch misses the orc. 😕 HP[+1]
You hit the orc but do no damage. You hit the orc.
The orc hits you with a +0 hand axe. 😕 HP[-1]
You take 1 damage, and now have 37/41 hp.
You barely miss the orc. The orc misses you.
You hit the orc.
You kill the orc!
Trog accepts your kill.
You hit the orc. The orc misses you. You furiously retaliate!
You headbutt the orc.
You kill the orc!
Trog accepts your kill.
You hit the orc.
The orc hits you with a +0 short sword. 😕 HP[-5]
You take 5 damage, and now have 32/41 hp.
You completely miss the orc. The orc hits you with a +0 short sword.
You closely miss the orc. Your headbutt misses the orc.
The orc hits you with a +0 short sword. 😮 HP[-5]
You take 5 damage, and now have 27/41 hp.
You hit the orc.
You kill the orc!
Trog accepts your kill.
Items here: ))) [ †††.
There is a stone staircase leading down here.
k - a glowing white potion 😮 HP[+1] HP restored.
A goblin comes into view. It is wielding a +0 dagger.
The goblin shouts!
A quokka comes into view. 😎 HP[+13]
You closely miss the goblin. The goblin hits you but does no damage.
You barely miss the goblin.
The goblin hits you with a +0 dagger. 😕 HP[-3]
You take 3 damage, and now have 38/41 hp.
You hit the goblin but do no damage. The goblin closely misses you.
You closely miss the goblin. Your headbutt misses the goblin.
The goblin barely misses you. 😕 HP[+1]
You hit the goblin. Your headbutt misses the goblin.
The goblin closely misses you.
You slash the goblin!
You kill the goblin!
Trog accepts your kill. The quokka barely misses you. You furiously retaliate!
You headbutt the quokka. You hit the quokka.
You kill the quokka!
Trog accepts your kill.
Things that are here:
a +0 dagger {short}; a quokka corpse; a goblin corpse You now have 83 gold pieces (gained 10).
l - a +3 hand axe {axe} You now have 95 gold pieces (gained 12).
You see here 2 poisoned darts {throwing}.
h - 2 scrolls labelled PEITRIH AXKOA (gained 1)
An orc priest comes into view. It is wielding a +3 war axe.
A ball python comes into view. 3 orcs and a dart slug come into view.
The orc shouts! x2; You hear a shout!
An adder comes into view.
An orc comes into view. It is wielding a +0 short sword.
An orc comes into view. It is wielding a +0 club.
An orc comes into view. It is wielding a +0 hand axe.
The orc throws a boomerang.
The boomerang hits you but does no damage.
The orc shouts! 😎 HP[+2]
The orc priest casts a cantrip, but nothing happens.
You barely miss the ball python. Your headbutt misses the ball python.
The ball python completely misses you. The ball python grabs you.
The ball python constricts you.
You hit the ball python.
You kill the ball python!
Trog accepts your kill.
The orc priest calls down the wrath of Beogh upon you.
Beogh smites you!
You see here a ball python corpse. 😮 HP[-14]
You take 14 damage, and now have 27/41 hp.
MASSIVE DAMAGE!! (PAUSE)
The orc priest hits you with a +3 war axe!
* * * LOW HITPOINT WARNING * * *
😨 HP[-15]
You take 15 damage, and now have 12/41 hp.
MASSIVE DAMAGE!! (PAUSE)
You closely miss the orc priest. Your headbutt misses the orc priest.
The orc priest invokes the aid of Beogh against you.
Pain shoots through your body!
You die...

Skill      XL: |  1  2  3 |
---------------+----------+-----
Axes           | 4 |  4.5
Fighting       | 4 |  4.5
Armour         | 3 |  3.6
Dodging        | 3 |  3.2

Action                   |  1- 3 |  4- 6 || total
-------------------------+-------+-------++-------
Melee: Hand axe          |    64 |    49 ||   113
       Headbutt          |     6 |     4 ||    10
       Punch             |       |     1 ||     1
Armor: Animal skin       |    15 |     5 ||    20
Dodge: Dodged            |    35 |    24 ||    59

Levels and vault maps discovered:
D:1:      roderic_octagonal_star, layout_loops_ring
D:2:      layout_loops_corners, corexii_leaking_fountain,
          kennysheep_jessica_study
D:3:      layout_loops_ring, dreamdust_ecumenical_altar_hidden_monk_grotto

Notes
Turn   | Place    | Note
-------+----------+-------------------------------------------
     0 | D:1      | Faeu the Minotaur Berserker began the quest for the Orb.
     0 | D:1      | Reached XP level 1. HP: 19/19 MP: 0/0
     0 | D:1      | magus.rc [v1.9.6]
   344 | D:1      | Reached XP level 2. HP: 27/27 MP: 1/1
   693 | D:1      | Reached skill level 4 in Axes
   869 | D:1      | You pick up a book of Flames {forbidden} and begin
                  | reading...
   869 | D:1      | You add the spells Foxfire, Conjure Flame, Inner Flame and
                  | Flame Wave to your library.
   879 | D:1      | Reached skill level 4 in Fighting
  1102 | D:2      | Reached ** piety under Trog
  1103 | D:2      | Reached skill level 3 in Armour
  1104 | D:2      | Reached XP level 3. HP: 32/33 MP: 2/2
  1448 | D:2      | You pick up a book of Decay {forbidden} and begin
                  | reading...
  1448 | D:2      | You add the spells Corpse Rot, Dispel Undead and Death
                  | Channel to your library.
  1570 | D:2      | Noticed Jessica
  1572 | D:2      | Killed Jessica
  1573 | D:2      | Reached skill level 3 in Dodging
  1573 | D:2      | Reached XP level 4. HP: 41/41 MP: 3/3
  1646 | D:2      | You pick up a book of the Tundra {forbidden} and begin
                  | reading...
  1646 | D:2      | You add the spells Hailstorm, Ice Form and Simulacrum to
                  | your library.
  2497 | D:3      | Killed from afar by an orc priest

Vanquished Creatures
  Jessica (D:2)
  2 adders (D:2)
  A worm (D:2)
  2 dart slugs (D:2)
  3 orcs (D:3)
  7 ball pythons
  2 bats (D:2)
  8 endoplasms
  3 goblins
  6 hobgoblins
  4 jackals (D:1)
  5 quokkas
  3 frilled lizards
  4 kobolds
  2 rats
53 creatures vanquished.

Table legend:
 A = Non-vault XP
 B = Vault XP
 C = Vault XP percentage of total XP
 D = Non-vault monster count
 E = Vault monster count
 F = Vault count percentage of total count
                 A         B        C        D         E       F
            +---------+---------+-------+---------+---------+-------
      Total |     125 |      39 |  23.8 |      51 |       2 |   3.8
            +---------+---------+-------+---------+---------+-------
        D:1 |      34 |       0 |   0.0 |      19 |       0 |   0.0
        D:2 |      75 |      39 |  34.2 |      25 |       2 |   7.4
        D:3 |      16 |       0 |   0.0 |       7 |       0 |   0.0
            +---------+---------+-------+---------+---------+-------

Illustrated notes

Table legend:
 A = Kills in this place as a percentage of kills in entire the game.
 B = Kills by you in this place as a percentage of kills by you in the entire game.
 C = Kills by friends in this place as a percentage of kills by friends in the entire game.
 D = Other kills in this place as a percentage of other kills in the entire game.
 E = Experience gained in this place as a percentage of experience gained in the entire game.
 F = Experience gained in this place divided by the number of levels of this place that you have seen.
                   A       B       C       D       E      F
               +-------+-------+-------+-------+-------+----------------------
         Total | 100.0 | 100.0 |   N/A |   N/A | 100.0 |  54.7
       Dungeon | 100.0 | 100.0 |   N/A |   N/A | 100.0 |  54.7
               +-------+-------+-------+-------+-------+----------------------

Table legend: (Time is in decaauts)
 A = Elapsed time spent in this place.
 B = Non-inter-level travel time spent in this place.
 C = Inter-level travel time spent in this place.
 D = Time resting spent in this place.
 E = Time spent auto-exploring this place.
 F = Levels seen in this place.
 G = Mean time per level.
                   A        B        C        D        E       F      G
               +--------+--------+--------+--------+--------+-----+--------+
         Total |   2507 |   2470 |     37 |      0 |   2186 |   3 |  835.7 |
       Dungeon |   2507 |   2470 |     37 |      0 |   2186 |   3 |  835.7 |
               +--------+--------+--------+--------+--------+-----+--------+

Top non-repeatable levels by time:
     D:2: 1106 daAuts
     D:1: 1079 daAuts
     D:3: 321 daAuts
